AoeStats
← RoMaryDi

Nomad

510563785Analyzed
2v2 RM · 12h ago on Oct 1, 2026· 86m 22s· 4 players
Game mode
Random Map
Map size
176×176
Population
200
Speed
Normal
Resources
Standard
Victory
Conquest
Starting age
Dark Age
Ending age
Imperial Age
RankedLock teamsTeams togetherTeam positionsShared explorationLock speedFull tech treeHidden civsTurbo modeCheats
Victory
Defeat
🇪🇸 Malay · Spain
883
+19
🇦🇷 Spanish · Argentina
867
+19
🇷🇺 Franks · Russia
941
-19
🇷🇺 Vietnamese · Russia
938
-19
Your Dad
16:54 Feudal Age
15:15 Loom
21:06 Castle Age
18:52 Fishing Lines
19:30 Gold Mining
22:35 Wheelbarrow
21:46 Town Watch
21:59 Gillnets
22:00 Double-Bit Axe
24:21 Hand Cart
24:12 Town Patrol
25:13 Bow Saw
24:56 Stone Mining
27:32 Ballistics
27:36 Pikeman
28:50 Husbandry
29:54 Bloodlines
29:36 Light Cavalry
30:01 Elite Skirmisher
34:56 Imperial Age
34:33 Fletching
36:47 Chemistry
36:52 Elite Cannon Galleon
39:05 Two-Man Saw
41:28 Bodkin Arrow
43:03 Bracer
44:33 Horse Collar
46:29 Stone Shaft Mining
50:02 Padded Archer Armor
50:13 Forging
50:09 Scale Barding Armor
50:04 Scale Mail Armor
55:44 Cavalier
55:45 Hussar
58:00 Paladin
64:36 Chain Barding Armor
64:52 Iron Casting
64:32 Chain Mail Armor
64:32 Leather Archer Armor
66:57 Plate Barding Armor
66:45 Bombard Tower
66:35 Fortified Wall
66:22 Murder Holes
67:33 Heavy Plow
72:12 Blast Furnace
71:43 Ring Archer Armor
71:44 Plate Mail Armor
78:10 Caravan
Gian_p20
12:05 Loom
14:02 Feudal Age
15:33 Double-Bit Axe
15:31 Horse Collar
18:07 Wheelbarrow
18:09 Forging
21:56 Scale Barding Armor
25:34 Castle Age
28:27 Heavy Plow
28:39 Bow Saw
28:44 Gold Mining
28:50 Pikeman
29:30 Squires
29:59 Stone Mining
31:44 Hand Cart
35:26 Imperial Age
33:44 Stone Shaft Mining
34:17 Murder Holes
44:36 Conscription
44:41 Ballistics
44:34 Masonry
44:37 Elite Skirmisher
45:22 Thumb Ring
45:10 Fletching
47:33 Iron Casting
46:54 Bodkin Arrow
47:47 Crop Rotation
49:33 Chemistry
48:44 Town Watch
50:35 Bracer
50:35 Padded Archer Armor
50:48 Town Patrol
55:03 Blast Furnace
54:20 Leather Archer Armor
55:46 Elite Karambit Warrior
57:28 Ring Archer Armor
57:10 Siege Engineers
61:38 Gold Shaft Mining
p_imajigrun_r
3:30 Loom
16:11 Feudal Age
17:16 Fishing Lines
19:52 Wheelbarrow
19:03 Double-Bit Axe
21:21 Gold Mining
21:23 Stone Mining
25:39 Forging
27:49 Castle Age
29:19 Medium Warships
29:03 Elite Skirmisher
30:54 Fletching
30:33 Pikeman
31:43 Bow Saw
34:23 Imperial Age
34:02 Padded Archer Armor
35:13 Bow Saw
37:31 Capped Ram
38:40 Hand Cart
43:13 Gillnets
45:28 Chemistry
44:35 Husbandry
46:42 Chivalry
48:40 Scale Barding Armor
48:29 Cavalier
52:22 Caravan
53:17 Chain Barding Armor
53:54 Forging
54:40 Paladin
56:06 Light Cavalry
58:39 Forging
60:29 Heavy Scorpion
67:28 Plate Barding Armor
69:21 Leather Archer Armor
70:32 Imperial Skirmisher
71:15 Squires
75:49 Iron Casting
79:05 Halberdier
85:15 Blast Furnace
RoMaryDi
4:20 Loom
15:37 Feudal Age
17:44 Wheelbarrow
16:58 Town Watch
17:03 Double-Bit Axe
23:46 Castle Age
24:36 Pikeman
25:39 Hand Cart
27:44 Horse Collar
29:15 Medium Warships
29:21 Medium Warships
33:07 Fletching
33:17 Padded Archer Armor
33:28 Forging
33:20 Scale Mail Armor
33:25 Scale Barding Armor
34:38 Bow Saw
41:12 Imperial Age
40:58 Squires
41:03 Heavy Plow
41:06 Town Patrol
40:35 Elite Skirmisher
42:33 Iron Casting
41:57 Bodkin Arrow
42:18 Leather Archer Armor
41:54 Imperial Skirmisher
44:25 Ballistics
46:08 Two-Man Saw
48:05 Chemistry
47:15 Light Cavalry
48:06 Bloodlines
47:56 Husbandry
50:46 Iron Casting
50:32 Chain Barding Armor
52:23 Bracer
52:54 Ring Archer Armor
52:40 Chain Mail Armor
53:35 Plate Barding Armor
55:06 Thumb Ring
56:09 Elite Battle Elephant
65:24 Block Printing
65:49 Elite Cannon Galleon
68:49 Plate Mail Armor
70:07 Halberdier
Connection lost

Rejoining the realm…

Still unreachable

The connection could not be restored.

Session expired

The server has moved on; the page needs a fresh start.